TOP OF THE 1ST |
Northwest Arkansas Naturals batting - Pitching for Trenton Thunder : RHP Leo Kammerling
|
Pitching: RHP Leo Kammerling
|
|
Batting: SHB Jarrod Lindblad
|
0-0: SINGLE (Groundball, 6M, EV 85.0 MPH) (infield hit)
|
Batting: LHB Danny Bailey
|
0-0: Ball Jarrod Lindblad steals 2nd base 1-0: Called Strike 1-1: Called Strike 1-2: 2-RUN HOME RUN (Flyball, 89XD, EV 109.4 MPH), Distance : 412 ft
|
Batting: RHB Jaden Warrior
|
0-0: Called Strike 0-1: Ball 1-1: Fly out, F7 (Flyball, 7S, EV 84.4 MPH)
|
Batting: RHB Manny Jurado
|
0-0: Ball 1-0: Ball 2-0: Ball 3-0: Called Strike 3-1: Foul Ball, location: 2F 3-2: Base on Balls
|
Batting: RHB Danny Loyola
|
0-0: Called Strike 0-1: Ball 1-1: Called Strike Manny Jurado steals 2nd base (no throw) 1-2: Foul Ball, location: 2F 1-2: Foul Ball, location: 2F 1-2: Foul Ball, location: 2F 1-2: SINGLE (Groundball, 6S, EV 71.9 MPH) (infield hit) Manny Jurado to third
|
Batting: RHB Gavin Jones
|
0-0: Ball 1-0: Called Strike Danny Loyola steals 2nd base 1-1: Called Strike 1-2: Ball 2-2: Strikes out looking
|
Batting: LHB Robert Wilkins
|
0-0: Ball 1-0: Ball 2-0: Called Strike 2-1: Ball 3-1: Called Strike 3-2: Strikes out looking
|
Top of the 1st over - 2 runs, 3 hits, 0 errors, 2 left on base; Northwest Arkansas 2 - Trenton 0 |
BOTTOM OF THE 1ST |
Trenton Thunder batting - Pitching for Northwest Arkansas Naturals : RHP Arturo Rojas
|
Pitching: RHP Arturo Rojas
|
|
Batting: RHB Jeremy Hathcock
|
0-0: Ball 1-0: Foul Ball, location: 2F 1-1: Called Strike 1-2: Fly out, F7 (Line Drive, 7, EV 93.1 MPH)
|
Batting: RHB Ryan Alban
|
0-0: Called Strike 0-1: Foul Ball, location: 2F 0-2: Foul Ball, location: 2F 0-2: Fly out, F4 (Popup, 4S, EV 60.6 MPH)
|
Batting: RHB Jeremy Lewis
|
0-0: Called Strike 0-1: SINGLE (Flyball, 89M, EV 95.6 MPH)
|
Batting: LHB Matt Steinke
|
0-0: Ball 1-0: DOUBLE (Flyball, 8RD, EV 96.3 MPH) Jeremy Lewis to third Runner from 3rd tries for Home, SAFE, no throw by CF
|
Batting: SHB Bobby Reynolds
|
0-0: Ball 1-0: Foul Ball, location: 2F 1-1: Fly out, F8 (Line Drive, 8LM, EV 95.0 MPH)
|
Bottom of the 1st over - 1 run, 2 hits, 0 errors, 1 left on base; Northwest Arkansas 2 - Trenton 1 |
TOP OF THE 2ND |
Northwest Arkansas Naturals batting - Pitching for Trenton Thunder : RHP Leo Kammerling
|
Batting: RHB Ben Garrett
|
0-0: Ball 1-0: Ball 2-0: Swinging Strike 2-1: Foul Ball, location: 2F 2-2: Strikes out looking
|
Batting: RHB Doug Carter
|
0-0: Called Strike 0-1: Ball 1-1: SINGLE (Flyball, 4MD, EV 90.6 MPH)
|
Batting: SHB Jarrod Lindblad
|
0-0: Ball Doug Carter steals 2nd base 1-0: Ball 2-0: Foul Ball, location: 2F 2-1: Foul Ball, location: 2F 2-2: Foul Ball, location: 2F 2-2: Ball 3-2: DOUBLE (Line Drive, 89M, EV 103.1 MPH) Doug Carter scores
|
Batting: LHB Danny Bailey
|
0-0: SINGLE (Groundball, 34D, EV 98.1 MPH) Jarrod Lindblad to third Runner from 3rd tries for Home, SAFE, throw by RF to home Danny Bailey to second
|
Batting: RHB Jaden Warrior
|
0-0: Ball 1-0: Ball 2-0: Foul Ball, location: 2F 2-1: Ground out 1-3 (Groundball, 13S, EV 68.8 MPH) Danny Bailey to third
|
Batting: RHB Manny Jurado
|
0-0: Called Strike 0-1: Foul Ball, location: 2F 0-2: Ball 1-2: Fly out, F8 (Flyball, 8RS, EV 90.6 MPH)
|
Top of the 2nd over - 2 runs, 3 hits, 0 errors, 1 left on base; Northwest Arkansas 4 - Trenton 1 |
BOTTOM OF THE 2ND |
Trenton Thunder batting - Pitching for Northwest Arkansas Naturals : RHP Arturo Rojas
|
Batting: RHB Alex Harvey
|
0-0: Ball 1-0: Foul Ball, location: 2F 1-1: Swinging Strike 1-2: Ball 2-2: Ball 3-2: Strikes out swinging
|
Batting: SHB David Bantista
|
0-0: Ground out 4-3 (Groundball, 4M, EV 104.4 MPH)
|
Batting: RHB Herb Craig
|
0-0: Ball 1-0: Ground out U3 (Groundball, 3S, EV 84.4 MPH)
|
Bottom of the 2nd over - 0 runs, 0 hits, 0 errors, 0 left on base; Northwest Arkansas 4 - Trenton 1 |
TOP OF THE 3RD |
Northwest Arkansas Naturals batting - Pitching for Trenton Thunder : RHP Leo Kammerling
|
Batting: RHB Danny Loyola
|
0-0: Swinging Strike 0-1: Foul Ball, location: 2F 0-2: Foul Ball, location: 2F 0-2: Ground out 3-1 (Groundball, 34S, EV 86.9 MPH)
|
Batting: RHB Gavin Jones
|
0-0: DOUBLE (Flyball, 8RXD, EV 95.0 MPH)
|
Batting: LHB Robert Wilkins
|
0-0: Called Strike Gavin Jones steals 3rd base (no throw) 0-1: Swinging Strike 0-2: Strikes out looking
|
Batting: RHB Ben Garrett
|
0-0: Ball 1-0: Foul Ball, location: 2F 1-1: Ball 2-1: SINGLE (Groundball, 4MD, EV 101.9 MPH) Gavin Jones scores
|
Batting: RHB Doug Carter
|
0-0: Ball 1-0: Ball 2-0: Called Strike 2-1: SINGLE (Groundball, 6S, EV 70.0 MPH) (infield hit) Ben Garrett to second
|
Pitching: RHP Enrique Fuentes
|
|
Batting: SHB Jarrod Lindblad
|
0-0: Ground out U3 (Groundball, 34, EV 77.5 MPH)
|
Top of the 3rd over - 1 run, 3 hits, 0 errors, 2 left on base; Northwest Arkansas 5 - Trenton 1 |
BOTTOM OF THE 3RD |
Trenton Thunder batting - Pitching for Northwest Arkansas Naturals : RHP Arturo Rojas
|
Batting: RHB John Rodd
|
0-0: Ground out U3 (Groundball, 34, EV 90.0 MPH)
|
Batting: RHB Jeremy Hathcock
|
0-0: Ground out 6-3 (Groundball, 6, EV 100.0 MPH)
|
Batting: RHB Ryan Alban
|
0-0: Ground out U3 (Groundball, 34, EV 86.3 MPH)
|
Bottom of the 3rd over - 0 runs, 0 hits, 0 errors, 0 left on base; Northwest Arkansas 5 - Trenton 1 |
TOP OF THE 4TH |
Northwest Arkansas Naturals batting - Pitching for Trenton Thunder : RHP Enrique Fuentes
|
Batting: LHB Danny Bailey
|
0-0: Called Strike 0-1: Ball 1-1: Foul Ball, location: 2F 1-2: Fly out, F8 (Line Drive, 8RD, EV 91.3 MPH)
|
Batting: RHB Jaden Warrior
|
0-0: Ball 1-0: Swinging Strike 1-1: Ground out U3 (Groundball, 34S, EV 74.4 MPH)
|
Batting: RHB Manny Jurado
|
0-0: Ball 1-0: Ground out U3 (Groundball, 34, EV 90.0 MPH)
|
Top of the 4th over - 0 runs, 0 hits, 0 errors, 0 left on base; Northwest Arkansas 5 - Trenton 1 |
BOTTOM OF THE 4TH |
Trenton Thunder batting - Pitching for Northwest Arkansas Naturals : RHP Arturo Rojas
|
Batting: RHB Jeremy Lewis
|
0-0: Ball 1-0: Foul Ball, location: 2F 1-1: Ball 2-1: Ground out 5-3 (Groundball, 5S, EV 65.0 MPH)
|
Batting: LHB Matt Steinke
|
0-0: Ball 1-0: Ball 2-0: Ball 3-0: Base on Balls
|
Batting: SHB Bobby Reynolds
|
0-0: Ball 1-0: Ball 2-0: Fly out, F4 (Flyball, 34D, EV 79.4 MPH)
|
Batting: RHB Alex Harvey
|
0-0: Ball 1-0: Fly out, F8 (Line Drive, 8LM, EV 97.5 MPH)
|
Bottom of the 4th over - 0 runs, 0 hits, 0 errors, 1 left on base; Northwest Arkansas 5 - Trenton 1 |
TOP OF THE 5TH |
Northwest Arkansas Naturals batting - Pitching for Trenton Thunder : RHP Enrique Fuentes
|
Batting: RHB Danny Loyola
|
0-0: Ball 1-0: Ball 2-0: Called Strike 2-1: SINGLE (Line Drive, 78S, EV 97.5 MPH)
|
Batting: RHB Gavin Jones
|
0-0: Ball 1-0: Ball 2-0: Ball 3-0: Base on Balls Danny Loyola to second
|
Batting: LHB Robert Wilkins
|
0-0: Ball 1-0: Grounds into double play, 5-4-3 (Groundball, 5S, EV 89.4 MPH) Danny Loyola to third
|
Batting: RHB Ben Garrett
|
0-0: Ball 1-0: Ground out 5-3 (Groundball, 5, EV 87.5 MPH)
|
Top of the 5th over - 0 runs, 1 hit, 0 errors, 1 left on base; Northwest Arkansas 5 - Trenton 1 |
BOTTOM OF THE 5TH |
Trenton Thunder batting - Pitching for Northwest Arkansas Naturals : RHP Arturo Rojas
|
Batting: SHB David Bantista
|
0-0: Ball 1-0: Fly out, F9 (Flyball, 9LS, EV 79.4 MPH)
|
Batting: RHB Herb Craig
|
0-0: Called Strike 0-1: Ball 1-1: Foul Ball, location: 2F 1-2: Ball 2-2: Ball 3-2: Base on Balls
|
Batting: RHB John Rodd
|
0-0: Foul Ball, location: 2F 0-1: Ball 1-1: Ball 2-1: Fly out, F8 (Flyball, 89M, EV 84.4 MPH)
|
Batting: RHB Jeremy Hathcock
|
0-0: Foul Ball, location: 2F 0-1: Foul Ball, location: 2F 0-2: Foul Ball, location: 2F 0-2: Foul Ball, location: 2F 0-2: Strikes out swinging
|
Bottom of the 5th over - 0 runs, 0 hits, 0 errors, 1 left on base; Northwest Arkansas 5 - Trenton 1 |
TOP OF THE 6TH |
Northwest Arkansas Naturals batting - Pitching for Trenton Thunder : RHP Enrique Fuentes
|
Batting: RHB Doug Carter
|
0-0: Ball 1-0: Ball 2-0: Ground out 6-3 (Groundball, 6, EV 91.9 MPH)
|
Batting: SHB Jarrod Lindblad
|
0-0: Swinging Strike 0-1: Ball 1-1: Foul Ball, location: 2F 1-2: Foul Ball, location: 2F 1-2: Foul Ball, location: 2F 1-2: Ball 2-2: Ball 3-2: Foul Ball, location: 2F 3-2: SINGLE (Line Drive, 9S, EV 106.9 MPH)
|
Pitching: LHP Travis Lowy
|
|
Batting: LHB Danny Bailey
|
0-0: Called Strike 0-1: Swinging Strike 0-2: Ball 1-2: Ball 2-2: Fly out, F2 (Popup, 2LF, EV 89.4 MPH)
|
Batting: RHB Jaden Warrior
|
0-0: Called Strike 0-1: Ball 1-1: Ball Jarrod Lindblad steals 2nd base 2-1: Foul Ball, location: 2F 2-2: Ball Wild Pitch! Jarrod Lindblad to third 3-2: Ground out 4-3 (Groundball, 4M, EV 86.3 MPH)
|
Top of the 6th over - 0 runs, 1 hit, 0 errors, 1 left on base; Northwest Arkansas 5 - Trenton 1 |
BOTTOM OF THE 6TH |
Trenton Thunder batting - Pitching for Northwest Arkansas Naturals : RHP Arturo Rojas
|
Batting: RHB Ryan Alban
|
0-0: Ball 1-0: Foul Ball, location: 2F 1-1: Foul Ball, location: 2F 1-2: Ball 2-2: Ground out 5-3 (Groundball, 5S, EV 71.3 MPH)
|
Batting: RHB Jeremy Lewis
|
0-0: Called Strike 0-1: Ball 1-1: Ball 2-1: Ball 3-1: Fly out, F8 (Flyball, 78M, EV 86.9 MPH)
|
Batting: LHB Matt Steinke
|
0-0: Ball 1-0: Ball 2-0: Called Strike 2-1: SINGLE (Flyball, 89S, EV 90.0 MPH)
|
Batting: SHB Bobby Reynolds
|
0-0: Ball Matt Steinke steals 2nd base 1-0: Ball 2-0: Ball 3-0: Called Strike 3-1: Base on Balls
|
Batting: RHB Alex Harvey
|
0-0: Called Strike 0-1: Ball 1-1: Ball 2-1: SINGLE (Flyball, 34D, EV 83.1 MPH) Matt Steinke to third Bobby Reynolds to second Runner from 3rd tries for Home, throw by RF and OUT! 9-2
|
Bottom of the 6th over - 0 runs, 2 hits, 0 errors, 2 left on base; Northwest Arkansas 5 - Trenton 1 |
TOP OF THE 7TH |
Northwest Arkansas Naturals batting - Pitching for Trenton Thunder : LHP Travis Lowy
|
Pitching: RHP Chris Hague
|
|
Batting: RHB Manny Jurado
|
0-0: Foul Ball, location: 2F 0-1: Foul Ball, location: 2F 0-2: Ground out U3 (Groundball, 3, EV 105.0 MPH)
|
Batting: RHB Danny Loyola
|
0-0: Ball 1-0: SINGLE (Flyball, 56D, EV 92.5 MPH)
|
Batting: RHB Gavin Jones
|
0-0: Ball 1-0: Called Strike 1-1: Ball 2-1: Ball 3-1: Foul Ball, location: 2F 3-2: Strikes out looking
|
Batting: LHB Robert Wilkins
|
0-0: Swinging Strike 0-1: Ball 1-1: Foul Ball, location: 2F 1-2: Strikes out swinging
|
Top of the 7th over - 0 runs, 1 hit, 0 errors, 1 left on base; Northwest Arkansas 5 - Trenton 1 |
BOTTOM OF THE 7TH |
Trenton Thunder batting - Pitching for Northwest Arkansas Naturals : RHP Arturo Rojas
|
Batting: SHB David Bantista
|
0-0: Called Strike 0-1: Swinging Strike 0-2: Foul Ball, location: 2F 0-2: Strikes out swinging
|
Batting: RHB Herb Craig
|
0-0: Swinging Strike 0-1: Ball 1-1: Called Strike 1-2: Ground out 5-3 (Groundball, 56S, EV 76.9 MPH)
|
Batting: RHB John Rodd
|
0-0: Called Strike 0-1: Called Strike 0-2: Ball 1-2: Ball 2-2: SINGLE (Flyball, 8RS, EV 93.1 MPH)
|
Batting: RHB Jeremy Hathcock
|
0-0: SINGLE (Groundball, 56D, EV 80.0 MPH) (infield hit) John Rodd to second
|
Batting: RHB Ryan Alban
|
0-0: Foul Ball, location: 2F 0-1: Ball 1-1: Foul Ball, location: 2F 1-2: Ball 2-2: Strikes out swinging
|
Bottom of the 7th over - 0 runs, 2 hits, 0 errors, 2 left on base; Northwest Arkansas 5 - Trenton 1 |
TOP OF THE 8TH |
Northwest Arkansas Naturals batting - Pitching for Trenton Thunder : RHP Chris Hague
|
Pitching: LHP U-suk Leem
|
|
Batting: RHB Ben Garrett
|
0-0: Foul Ball, location: 2F 0-1: Fly out, F9 (Flyball, 9LM, EV 81.3 MPH)
|
Batting: RHB Doug Carter
|
0-0: Ball 1-0: SINGLE (Line Drive, 8LS, EV 106.9 MPH)
|
Batting: SHB Jarrod Lindblad
|
0-0: Called Strike 0-1: Swinging Strike 0-2: Strikes out swinging
|
Batting: LHB Danny Bailey
|
0-0: Ball 1-0: Called Strike Doug Carter steals 2nd base 1-1: Called Strike 1-2: Ball 2-2: Strikes out looking
|
Top of the 8th over - 0 runs, 1 hit, 0 errors, 1 left on base; Northwest Arkansas 5 - Trenton 1 |
BOTTOM OF THE 8TH |
Trenton Thunder batting - Pitching for Northwest Arkansas Naturals : RHP Arturo Rojas
|
Pitching: LHP Dave Schmidt
|
|
Batting: RHB Jeremy Lewis
|
0-0: Ball 1-0: Ball 2-0: Ball 3-0: Base on Balls
|
Batting: LHB Matt Steinke
|
0-0: SINGLE (Line Drive, 34D, EV 98.8 MPH) Jeremy Lewis to second Runner from 2nd tries for 3rd, OUT! 9-5
|
Batting: SHB Bobby Reynolds
|
0-0: Called Strike 0-1: Called Strike 0-2: Ball 1-2: Ball 2-2: Foul Ball, location: 2F 2-2: Foul Ball, location: 2F 2-2: Foul Ball, location: 2F 2-2: Fielders Choice at 2nd, 6-4 (Groundball, 6, EV 90.0 MPH)
|
Batting: RHB Alex Harvey
|
0-0: Ball 1-0: Ball 2-0: Called Strike 2-1: Ball 3-1: Base on Balls Bobby Reynolds to second
|
Pitching: RHP Vinny Reveles
|
|
Batting: SHB David Bantista
|
0-0: Called Strike 0-1: Foul Ball, location: 2F 0-2: Ground out 6-3 (Groundball, P, EV 80.0 MPH)
|
Bottom of the 8th over - 0 runs, 1 hit, 0 errors, 2 left on base; Northwest Arkansas 5 - Trenton 1 |
TOP OF THE 9TH |
Northwest Arkansas Naturals batting - Pitching for Trenton Thunder : LHP U-suk Leem
|
Batting: RHB Jaden Warrior
|
0-0: Ball 1-0: SINGLE (Popup, 5D, EV 60.0 MPH)
|
Batting: RHB Manny Jurado
|
0-0: Ball 1-0: Called Strike 1-1: Ball 2-1: Fielders Choice at 2nd, 1-6 (Groundball, 13S, EV 63.8 MPH)
|
Batting: RHB Danny Loyola
|
0-0: Ball 1-0: Grounds into double play, 6-4-3 (Groundball, 6S, EV 91.9 MPH)
|
Top of the 9th over - 0 runs, 1 hit, 0 errors, 0 left on base; Northwest Arkansas 5 - Trenton 1 |
BOTTOM OF THE 9TH |
Trenton Thunder batting - Pitching for Northwest Arkansas Naturals : RHP Vinny Reveles
|
Batting: RHB Herb Craig
|
0-0: Ball 1-0: Called Strike 1-1: Ball 2-1: Ball 3-1: Base on Balls
|
Batting: RHB John Rodd
|
0-0: Called Strike 0-1: Swinging Strike 0-2: Ball 1-2: SINGLE (Line Drive, 7S, EV 106.9 MPH) Herb Craig to second
|
Batting: RHB Jeremy Hathcock
|
0-0: Called Strike 0-1: Fly out, F6 (Line Drive, 6, EV 73.8 MPH)
|
Batting: RHB Ryan Alban
|
0-0: Ball 1-0: Ball 2-0: Ball 3-0: Base on Balls Herb Craig to third John Rodd to second
|
Batting: RHB Jeremy Lewis
|
0-0: Swinging Strike 0-1: SINGLE (Groundball, 6MD, EV 99.4 MPH) Herb Craig scores John Rodd to third Ryan Alban to second
|
Batting: LHB Matt Steinke
|
0-0: Called Strike 0-1: Ball 1-1: Ball 2-1: Called Strike 2-2: Ball 3-2: Strikes out swinging
|
Batting: SHB Bobby Reynolds
|
0-0: Ball 1-0: Foul Ball, location: 2F 1-1: GRAND SLAM HOME RUN (Flyball, 89XD, EV 115.6 MPH), Distance : 434 ft
|
Bottom of the 9th over - 5 runs, 3 hits, 0 errors, 0 left on base; Northwest Arkansas 5 - Trenton 6 |
|
Game Over ... Trenton defeats Northwest Arkansas, 6 to 5
|
|
|